 Dungeon Crawl Stone Soup version 0.25.1-2-g60ff931df9 (webtiles) character file.

Game seed: 16598207853026617953

7751 lorenzova the Thaumaturge (level 11, -2/54 HPs)
             Began as a Deep Elf Conjurer on Sept 14, 2020.
             Was a Believer of Vehumet.
             Killed from afar by a gargoyle (23 damage)
             ... with a stone arrow
             ... on level 11 of the Dungeon.
             The game lasted 00:35:08 (15219 turns).

lorenzova the Thaumaturge (Deep Elf Conjurer)      Turns: 15219, Time: 00:35:08

Health: -2/54      AC:  2    Str: 11    XL:     11   Next: 0%
Magic:  15/29      EV: 12    Int: 24    God:    Vehumet [**....]
Gold:   472        SH:  0    Dex: 12    Spells: 12/35 levels left

rFire    + + +     SeeInvis .   i - +2 dagger (freeze)
rCold    . . .     Gourm    .   (no shield)
rNeg     . . .     Faith    .   o - +0 robe (curse)
rPois    .         Spirit   .   (no helmet)
rElec    .         Reflect  .   (no cloak)
rCorr    +         Harm     .   (no gloves)
MR       +....                  (no boots)
Stlth    +.........             (no amulet)
HPRegen  0.18/turn              p - ring of resist corrosion
MPRegen  0.21/turn              D - ring of Mistrust {*Drain rF+++ Str+6 Dex-3 Stlth-}

@: no status effects
A: no striking features
a: Renounce Religion


You were on level 11 of the Dungeon.
You worshipped Vehumet.
Vehumet was pleased with you.
You were not hungry.

You visited 3 branches of the dungeon, and saw 13 of its levels.

You collected 700 gold pieces.
You spent 228 gold pieces at shops.

Inventory:

Hand Weapons
 i - a +2 dagger of freezing (weapon)
Armour
 a - a +0 robe
 o - a cursed +0 robe (worn)
 w - a +0 leather armour of positive energy
Jewellery
 p - a ring of resist corrosion (left hand)
 A - an uncursed ring of flight
 D - the ring of Mistrust (right hand) {*Drain rF+++ Str+6 Dex-3 Stlth-}
   (You found it on level 10 of the Dungeon)

   [ring of attention]

   It affects your strength (+6).
   It affects your dexterity (-3).
   It renders you almost immune to fire.
   It causes draining when unequipped.
   It makes you less stealthy.
Wands
 h - a wand of paralysis (20)
 k - a wand of random effects (22)
 m - a wand of digging (8)
 r - a wand of clouds (1)
 H - a wand of acid (4)
Scrolls
 e - 6 scrolls of amnesia
 g - 7 scrolls of teleportation
 j - 3 scrolls of fear
 l - 4 scrolls of immolation
 n - 2 scrolls of remove curse
 s - 4 scrolls of blinking
 t - a scroll of noise {unknown}
 u - 2 scrolls of vulnerability {unknown}
 y - 3 scrolls of enchant weapon {unknown}
 B - a scroll of silence {unknown}
 G - a scroll of identify
Potions
 d - a potion of flight
 f - 2 potions of invisibility
 q - 4 potions of mutation
 v - 3 potions of brilliance
 x - a potion of ambrosia {unknown}
 z - a potion of cancellation
 C - a potion of stabbing
 E - 2 potions of curing
 F - a potion of haste
Comestibles
 c - 18 rations


   Skills:
 - Level 2.4 Dodging
 - Level 2.4 Stealth
 * Level 12.5 Spellcasting
 * Level 11.4 Conjurations
 + Level 7.6 Hexes
 + Level 4.4 Charms
 - Level 6.0 Translocations
 + Level 3.4 Fire Magic
 + Level 3.0 Air Magic


You had 12 spell levels left.
You knew the following spells:

 Your Spells              Type           Power        Failure   Level  Hunger
a - Magic Dart            Conj           ####         1%          1    None
b - Swiftness             Chrm/Air       ####....     1%          2    None
c - Iskenderun's Mystic   Conj/Tloc      ######..     1%          4    None
d - Fulminant Prism       Conj/Hex       ######....   1%          4    None
l - Lightning Bolt        Conj/Air       #####.....   6%          5    ###....
p - Blink                 Tloc           N/A          1%          2    None
x - Conjure Flame         Conj/Fire      ######..     1%          3    None
z - Searing Ray           Conj           ######       1%          2    None

Your spell library contained the following spells:

 Spells                   Type           Power        Failure   Level  Hunger
 Sandblast                Erth           ###...       4%          1    None
 Corona                   Hex            ######.      1%          1    None
 Shock                    Conj/Air       ####         1%          1    None
 Slow                     Hex            ######..     1%          2    None
 Confusing Touch          Hex            ######..     1%          3    None
 Dazzling Flash           Conj/Hex       ######       1%          3    None
 Gell's Gravitas          Tloc           #####.....   1%          3    None
 Inner Flame              Hex/Fire       #####...     1%          3    None
 Mephitic Cloud           Conj/Pois/Air  #####...     1%          3    None
 Portal Projectile        Hex/Tloc       #####.       1%          3    None
 Static Discharge         Conj/Air       #####...     1%          3    None
 Cause Fear               Hex            ######....   1%          4    None
 Call Imp                 Summ           ###.....     6%          2    None
 Leda's Liquefaction      Hex/Erth       ####......   9%          4    None
 Airstrike                Air            ####......   12%         4    None
 Metabolic Englaciation   Hex/Ice        ####......   24%         5    ###....
 Yara's Violent Unravell  Hex/Tmut       ####......   24%         5    ###....
 Petrify                  Tmut/Erth      ###.....     38%         4    None


Dungeon Overview and Level Annotations

Branches:
Dungeon (11/15)            Temple (1/1) D:6            Lair (1/6) D:10
    Orc: D:9-12

Altars:
Ashenzari
Cheibriados
Dithmenos
Elyvilon
Fedhas
Gozag
Hepliaklqana
Kikubaaqudgha
Makhleb
Nemelex Xobeh
Okawaru
Qazlal
Sif Muna
Trog
Uskayaw
Vehumet
Wu Jian
Xom
Yredelemnul
Zin
The Shining One

Shops:
D:4 [   D:5 :==?*

Annotations:
D:6 1 runed translucent door, ma3's ghost, novice GrFi
D:7 1 runed translucent door, ma3's ghost, novice GrFi
D:10 exclusion: downstairs
D:11 Sonja


Message History

The stone arrow hits you!
* * * LOW HITPOINT WARNING * * *
The searing ray hits the gargoyle!
The gargoyle is heavily damaged.
The gargoyle closely misses you.
You feel much better.
Casting: Searing Ray (safe; 1% risk of failure)
Confirm with . or Enter, or press ? or * to list all spells.
Aiming: Searing Ray (safe; 1% risk of failure)
Press: ? - help, Shift-Dir - straight line, f/p - gargoyle
Aim: a gargoyle, wielding a +0 flail (heavily damaged)
The searing ray hits the gargoyle!
The gargoyle is severely damaged. (Press . to maintain the ray.)
The gargoyle hits you with a +0 flail!
The searing ray hits the gargoyle but does no damage.
The gargoyle is severely damaged.
The gargoyle hurls a stone arrow at you.
The stone arrow hits you!!
You die...

######### #........ #........
################ #........ >
..............# #........
.###.........###.# ########.####
.............# #@# #......#.#
..%..........# #9## #......#.####
............9###..###......#.....
...............|.............(...
#............####.###......##....
#.......####### #..##......##....
#...###(#.).(.# ##.##...^..##....
#... #.#(###.# .##.(....######
#...# #.#[# #.# .##..(...#


You could see a gargoyle.

Vanquished Creatures
  Fannar (D:11)
  A two-headed ogre (D:10)
  A centaur zombie (D:10)
  A kobold demonologist (D:11)
  A centaur skeleton (D:11)
  A troll (D:9)
  A spriggan (D:8)
  Sigmund (D:3)
  A water moccasin (D:9)
  5 porcupines (D:10)
  3 ice beasts
  3 phantoms
  3 sky beasts
  An ogre (D:10)
  2 orc warriors
  A necrophage (D:9)
  4 centaurs
  A big kobold (D:11)
  10 bullfrogs
  A wyvern zombie (D:11)
  A scorpion (D:9)
  5 wights (D:7)
  15 killer bees
  5 crimson imps
  2 jellies
  A bullfrog skeleton (D:8)
  5 hounds
  A gnoll shaman (D:7)
  An orc priest (D:10)
  2 iguanas
  7 orc wizards
  6 worker ants
  A hound skeleton (D:6)
  2 howler monkey zombies
  A worker ant zombie (D:8)
  15 gnolls
  2 howler monkey skeletons (D:7)
  9 adders
  2 shadow imps
  2 adder skeletons (D:4)
  2 worms
  5 dart slugs
  2 leopard geckos (D:6)
  27 orcs
  5 bats
  4 giant cockroaches
  16 goblins
  12 hobgoblins
  11 jackals
  24 kobolds
  5 quokkas
  3 frilled lizards
  A jackal skeleton (D:9)
  A quokka skeleton (D:4)
  A quokka zombie (D:6)
  6 rats
253 creatures vanquished.

Vanquished Creatures (others)
  20 fulminant prisms
  A fungus (D:10)
21 creatures vanquished.

Grand Total: 274 creatures vanquished

Notes
Turn   | Place    | Note
-------+----------+-------------------------------------------
     0 | D:1      | lorenzova the Deep Elf Conjurer began the quest for the
                  | Orb.
     0 | D:1      | Reached XP level 1. HP: 10/10 MP: 6/6
   284 | D:1      | Reached XP level 2. HP: 15/15 MP: 5/8
   288 | D:1      | Learned a level 2 spell: Searing Ray
   739 | D:1      | Reached skill level 4 in Spellcasting
   809 | D:1      | Reached XP level 3. HP: 19/19 MP: 6/10
  1022 | D:1      | Reached skill level 5 in Conjurations
  1611 | D:2      | Reached XP level 4. HP: 24/24 MP: 8/12
  2028 | D:3      | Reached skill level 5 in Spellcasting
  2210 | D:3      | Noticed Sigmund
  2221 | D:3      | Reached XP level 5. HP: 25/28 MP: 11/15
  2486 | D:3      | Killed Sigmund
  2486 | D:3      | Reached skill level 6 in Spellcasting
  2486 | D:3      | Reached XP level 6. HP: 24/32 MP: 11/17
  3189 | D:4      | Reached skill level 7 in Spellcasting
  3377 | D:4      | Learned a level 4 spell: Iskenderun's Mystic Blast
  3382 | D:4      | Learned a level 4 spell: Fulminant Prism
  3800 | D:4      | Found Joix's Antique Armour Boutique.
  4168 | D:5      | Entered Level 5 of the Dungeon
  4251 | D:5      | Reached XP level 7. HP: 36/36 MP: 16/19
  4303 | D:5      | Found Dieleeklu's Jewellery Emporium.
  4317 | D:5      | Found Giexkuum's Jewellery Shop.
  4431 | D:5      | Found Cironu's Book Emporium.
  4455 | D:5      | Found a burning altar of Makhleb.
  4455 | D:5      | Found a shimmering altar of Xom.
  4457 | D:5      | Reached skill level 1 in Hexes
  4631 | D:5      | Found Xuoci's General Store.
  4645 | D:5      | Bought a scroll of blinking for 97 gold pieces
  4645 | D:5      | Bought a potion of heal wounds for 65 gold pieces
  4740 | D:5      | Found Wefer's Magic Scroll Boutique.
  4743 | D:5      | Bought a scroll of identify for 22 gold pieces
  4743 | D:5      | Bought a scroll of identify for 22 gold pieces
  4743 | D:5      | Bought a scroll of identify for 22 gold pieces
  5026 | D:6      | Reached skill level 1 in Translocations
  5057 | D:6      | Found a runed translucent door.
  5058 | D:6      | Noticed ma3's ghost (novice GrFi)
  5987 | D:6      | Reached skill level 8 in Spellcasting
  5992 | D:6      | Reached XP level 8. HP: 15/41 MP: 14/22
  6855 | D:6      | Found a staircase to the Ecumenical Temple.
  6880 | Temple   | Entered the Ecumenical Temple
  6974 | Temple   | Became a worshipper of Vehumet
  7435 | D:6      | Reached skill level 9 in Spellcasting
  8120 | D:7      | Found a basalt altar of Yredelemnul.
  8120 | D:7      | Found a shimmering blue altar of Sif Muna.
  8258 | D:7      | Found a runed translucent door.
  8263 | D:7      | Noticed ma3's ghost (novice GrFi)
  8380 | D:7      | Paralysed by a gnoll shaman for 3 turns
  8556 | D:7      | Found a bloodstained altar of Trog.
  8556 | D:7      | Found a glowing golden altar of the Shining One.
  8970 | D:7      | Reached skill level 10 in Spellcasting
  8970 | D:7      | Reached XP level 9. HP: 45/45 MP: 17/25
  9555 | D:8      | Reached skill level 5 in Hexes
  9726 | D:8      | Reached * piety under Vehumet
  9726 | D:8      | Offered knowledge of Freeze by Vehumet.
 10453 | D:9      | Reached skill level 10 in Conjurations
 10626 | D:9      | Noticed a troll
 10635 | D:9      | Killed a troll
 10635 | D:9      | Reached skill level 11 in Spellcasting
 10741 | D:9      | Learned a level 2 spell: Swiftness
 10745 | D:9      | Learned a level 3 spell: Conjure Flame
 10751 | D:9      | Learned a level 5 spell: Lightning Bolt
 10754 | D:9      | Learned a level 2 spell: Blink
 10831 | D:9      | Reached skill level 5 in Translocations
 11703 | D:10     | Entered Level 10 of the Dungeon
 11727 | D:10     | Found a staircase to the Lair.
 11743 | D:10     | Got a scintillating brass ring
 11749 | D:10     | Reached skill level 1 in Charms
 11750 | D:10     | Noticed a two-headed ogre
 11887 | D:9      | Identified the ring of Mistrust {*Drain rF+++ Str+6 Dex-3
                  | Stlth-} (You found it on level 10 of the Dungeon)
 11956 | D:10     | Reached skill level 1 in Fire Magic
 11956 | D:10     | Reached XP level 10. HP: 48/50 MP: 20/27
 11958 | D:10     | Reached skill level 1 in Air Magic
 11959 | D:10     | Reached ** piety under Vehumet
 12166 | D:10     | Offered knowledge of Sandblast by Vehumet.
 12711 | D:10     | Killed a two-headed ogre
 12711 | D:10     | Reached skill level 12 in Spellcasting
 13203 | D:11     | Noticed a gargoyle
 13360 | D:11     | Noticed a sun demon
 13368 | D:11     | Noticed an orange demon
 13369 | D:11     | Noticed a soul eater
 13563 | D:11     | Noticed Fannar
 14236 | Lair:1   | Entered Level 1 of the Lair of Beasts
 14806 | D:11     | Noticed Sonja
 15052 | D:11     | Killed Fannar
 15052 | D:11     | Reached XP level 11. HP: 19/54 MP: 17/29
 15219 | D:11     | Killed from afar by a gargoyle

Illustrated notes

Levels and vault maps discovered:
D:1:      dpeg_arrival_tiny_g, layout_basic
D:2:      layout_rooms
D:3:      layout_loops_cross, uniq_sigmund
D:4:      layout_cave_pods, serial_shops, shop
D:5:      layout_gridville, grunt_temple_overflow_champion_of_chaos,
          serial_shops, shop, kennysheep_mini_moat, nicolae_shop_trees, shop,
          kennysheep_mini, first_ration
D:6:      corexii_shantytown, layout_loops_corners,
          minmay_temple_entry_butterflies, gammafunk_ghost_grave,
          kennysheep_generic_room_4
D:7:      layout_loops_ring, chequers_temple_overflow_statue_of_worship,
          ebering_ghost_reflecting_pool
D:8:      layout_basic, grunt_pizzeria
D:9:      layout_basic
D:10:     layout_cave_pods, due_lair_maze_entry_diamond
D:11:     layout_basic, uniq_sonja, uniq_fannar
Temple:   nicolae_temple_elliptical
Lair:1:   layout_chaotic_city, st_stairs_11, beast_lair_carwin_5

Skill      XL: |  1  2  3  4  5  6  7  8  9 10 |
---------------+-------------------------------+-----
Spellcasting   | 4 5 6 7 8 10 11 12 | 12.5
Conjurations   | 5 6 7 8 9 10 11 | 11.4
Hexes          | 2 4 6 7 |  7.6
Translocations | 2 3 5 6 |  6.0
Charms         | 1 4 |  4.4
Fire Magic     | 1 3 |  3.4
Air Magic      | 3 |  3.0
Dodging        | |  2.4
Stealth        | |  2.4

Action                   |  1- 3 |  4- 6 |  7- 9 | 10-12 || total
-------------------------+-------+-------+-------+-------++-------
Melee: Dagger            |       |     8 |    18 |     4 ||    30
 Cast: Magic Dart        |    65 |    96 |   157 |    51 ||   369
       Searing Ray       |       |    12 |    41 |    25 ||    78
       Fulminant Prism   |       |       |     9 |    11 ||    20
       Iskenderun's Myst |       |       |     9 |     8 ||    17
       Conjure Flame     |       |       |     8 |    11 ||    19
       Swiftness         |       |       |       |     3 ||     3
Evoke: Wand              |       |       |     2 |     1 ||     3
  Use: Scroll            |     1 |       |     9 |     3 ||    13
       Potion            |       |       |       |     3 ||     3
 Stab: Sleeping          |       |       |     2 |       ||     2
  Eat: Chunk             |     2 |     8 |    16 |     3 ||    29
       Ration            |       |       |     2 |     2 ||     4
Armor: Robe              |     1 |     2 |     7 |     1 ||    11
Dodge: Dodged            |       |    17 |    64 |    30 ||   111
